Map: Blackpink LE

Players

LiquidTLO (TLO) - Winner!

  • Race: Zerg Zerg
  • Spawn Location: 1:00

BlueCheese

  • Race: Terran Terran
  • Spawn Location: 7:00

Event: WCS Leipzig 2018

VOD

Have the link to the VOD?

Description

Time

  • Played on: Jan. 26, 2018, 6:31 a.m.
  • Length: 16:44

All games in this series

Show
View Real Time Build Order
Export as new Build Order

LiquidTLO Zerg - Winner!

Build Orders: Pool First 

Get SALT Encoding   

  12  0:00  Drone  
  13  0:13  Overlord  
  13  0:17  Drone  
  14  0:32  Drone x2  
  16  0:40  Spawning Pool  
  15  0:44  Drone  
  15  0:48  Drone  
  17  1:08  Hatchery  
  16  1:11  Drone  
  16  1:14  Drone  
  16  1:17  Extractor  
  17  1:19  Drone  
  18  1:30  Zergling x2  
  19  1:34  Queen  
  21  1:40  Overlord  
  21  1:52  Drone  
  22  2:02  Drone  
  23  2:09  Queen  
  23  2:14  Drone  
  26  2:17  Metabolic Boost  
  26  2:20  Queen  
  26  2:21  Zergling x2  
  29  2:23  Drone  
  30  2:35  Overlord  
  30  2:36  Drone  
  31  2:43  Drone  
  30  2:45  Drone  
  30  2:47  Drone  
  30  2:49  Drone  
  30  2:50  Drone  
  34  2:52  Drone  
  35  2:59  Drone  
  35  3:03  Drone  
  37  3:09  Drone  
  38  3:14  Overlord  
  38  3:19  Drone x2  
  40  3:23  Drone x2  
  40  3:26  Zergling x2  
  42  3:27  Zergling x2  
  42  3:29  Drone  
  42  3:34  Drone  
  45  3:37  Overlord  
  45  3:38  Drone  
  45  3:43  Drone  
  45  3:48  Overlord  
  46  3:49  Hatchery  
  46  3:53  Baneling Nest  
  46  3:54  Zergling x2  
  45  3:57  Drone  
  45  3:59  Zergling x2  
  45  4:02  Queen  
  49  4:04  Drone x3  
  49  4:05  Drone  
  49  4:06  Drone  
  49  4:09  Zergling x2  
  55  4:12  Drone  
  56  4:21  Drone  
  56  4:23  Spore Crawler  
  56  4:24  Spore Crawler  
  55  4:26  Drone, Spore Crawler  
  55  4:30  Zergling x2  
  55  4:31  Spore Crawler  
  55  4:36  Drone  
  55  4:39  Zergling x2  
  55  4:40  Drone x2  
  55  4:41  Drone  
  55  4:42  Queen  
  55  4:43  Queen  
  55  4:44  Drone  
  60  4:56  Overlord x2  
  60  5:00  Evolution Chamber  
  60  5:02  Overlord  
  60  5:03  Drone, Evolution Chamber  
  60  5:04  Drone x2  
  61  5:11  Drone  
  61  5:12  Drone  
  61  5:14  Drone x2  
  64  5:16  Zergling x2  
  64  5:18  Extractor  
  64  5:19  Extractor  
  62  5:23  Drone x3  
  61  5:36  Zerg Ground Armor Level 1, Zerg Melee Weapons Level 1  
  61  5:37  Drone  
  61  5:40  Zergling x2  
  61  5:41  Drone x2  
  61  5:42  Drone  
  66  5:45  Drone  
  66  5:48  Drone, Zergling x2  
  66  5:49  Drone  
  70  5:50  Hatchery  
  70  5:55  Zergling x2  
  70  5:56  Extractor  
  68  5:57  Extractor x2  
  68  5:58  Drone  
  68  5:59  Drone  
  68  6:00  Drone x2  
  68  6:01  Drone  
  68  6:03  Drone  
  70  6:06  Drone  
  70  6:07  Lair  
  70  6:09  Roach Warren  
  70  6:10  Drone  
  71  6:12  Drone x3  
  71  6:16  Drone  
  75  6:18  Overlord  
  75  6:21  Spore Crawler  
  75  6:22  Drone  
  75  6:24  Zergling x2  
  77  6:25  Zergling x4  
  77  6:26  Zergling x2  
  77  6:29  Zergling x2  
  77  6:32  Zergling x2  
  81  6:33  Zergling x2  
  81  6:34  Overlord  
  81  6:35  Overlord  
  81  6:39  Baneling x2  
  81  6:41  Overlord  
  81  6:44  Zergling x2  
  81  6:45  Zergling x2  
  83  6:48  Zergling x4  
  83  6:49  Zergling x2  
  83  6:51  Drone x2  
  83  6:52  Baneling  
  83  6:53  Baneling x2  
  88  6:54  Zergling x2  
  88  6:56  Drone  
  88  6:57  Drone  
  88  7:01  Zergling x8  
  94  7:02  Drone  
  94  7:06  Centrifical Hooks  
  94  7:07  Drone, Hydralisk Den  
  95  7:09  Drone x4  
  95  7:11  Drone, Overseer  
  95  7:13  Drone  
  101  7:16  Drone, Overseer  
  101  7:17  Drone  
  101  7:20  Drone  
  102  7:23  Drone x3  
  102  7:27  Zergling x2, Spore Crawler  
  102  7:28  Zergling x2, Overlord  
  106  7:30  Zerg Ground Armor Level 2  
  103  7:37  Overlord  
  103  7:39  Spore Crawler  
  103  7:41  Baneling x2, Zerg Melee Weapons Level 2  
  103  7:42  Zergling x2  
  103  7:43  Zergling x2  
  104  7:47  Zergling x2  
  104  7:48  Zergling x2  
  104  7:50  Drone x2  
  105  7:57  Muscular Augments  
  103  7:58  Hydralisk x2  
  103  7:59  Hydralisk, Infestation Pit  
  103  8:00  Evolution Chamber  
  103  8:03  Hydralisk  
  109  8:07  Drone x4  
  109  8:08  Drone  
  109  8:11  Pneumatized Carapace  
  114  8:13  Overlord  
  114  8:16  Hydralisk  
  114  8:19  Overlord  
  116  8:22  Zergling x4  
  116  8:24  Zergling x6  
  116  8:25  Zergling x2  
  120  8:28  Zergling x2  
  120  8:29  Zergling x4  
  120  8:31  Zergling x6  
  126  8:37  Extractor, Overlord  
  126  8:38  Hydralisk x2  
  126  8:39  Hydralisk x2  
  133  8:44  Zergling x4  
  133  8:46  Zergling x4  
  137  8:51  Zergling x2  
  137  8:52  Zergling x2  
  137  8:53  Overlord  
  139  8:56  Hydralisk  
  139  8:57  Zergling x2  
  139  8:58  Zergling x4  
  139  9:00  Hatchery  
  139  9:02  Zergling x2  
  144  9:04  Zergling x6  
  144  9:05  Zergling x2  
  144  9:06  Hydralisk  
  145  9:10  Hive  
  145  9:14  Zergling x2  
  145  9:19  Hydralisk x2  
  145  9:21  Hydralisk  
  145  9:23  Zergling x2  
  149  9:24  Drone x2, Queen  
  149  9:26  Zergling x4  
  149  9:28  Zergling x2  
  148  9:34  Hydralisk x2  
  148  9:36  Zergling x4  
  154  9:46  Zergling x4  
  154  9:47  Zergling x4, Zerg Missile Weapons Level 1  
  154  9:48  Zergling x2  
  154  9:49  Zergling x2  
  154  9:51  Overlord x3  
  158  9:56  Overlord  
  152  10:00  Zergling x10  
  152  10:05  Overlord  
  154  10:08  Overlord  
  154  10:12  Overlord  
  154  10:19  Overlord  
  154  10:20  Drone  
  155  10:21  Baneling x4  
  155  10:22  Baneling x2  
  155  10:26  Zerg Melee Weapons Level 3, Zerg Ground Armor Level 3  
  155  10:27  Ultralisk Cavern, Viper x2  
  160  10:28  Zergling x2  
  160  10:30  Zergling x2  
  160  10:31  Zergling x2  
  160  10:33  Zergling x2  
  160  10:34  Zergling x4  
  158  10:36  Zergling x4  
  158  10:37  Zergling x6  
  158  10:40  Adrenal Glands  
  156  10:47  Zergling x4  
  156  10:49  Zergling x4  
  160  10:51  Zergling x2  
  160  10:53  Overlord  
  160  10:54  Zergling x2  
  160  10:55  Zergling x2  
  160  10:56  Overlord  
  163  11:11  Drone x5  
  166  11:12  Zergling x2  
  166  11:13  Zergling x2  
  166  11:14  Hydralisk x2  
  166  11:16  Chitinous Plating, Hydralisk  
  166  11:17  Hydralisk x2  
  166  11:18  Hydralisk  
  179  11:20  Hydralisk x3  
  179  11:22  Ultralisk  
  183  11:28  Ultralisk  
  189  11:37  Zergling x4  
  189  11:38  Zergling x4  
  185  11:41  Ultralisk  
  171  11:52  Zergling x4  
  171  11:53  Drone, Zergling x2  
  173  12:00  Zergling x2  
  162  12:01  Zergling x2  
  162  12:06  Ultralisk  
  162  12:07  Overlord  
  168  12:12  Overlord  
  166  12:20  Ultralisk  
  166  12:22  Hatchery, Overlord  
  163  12:23  Zergling x2, Overlord  
  163  12:29  Overlord  
  163  12:31  Hatchery  
  163  12:33  Zerg Missile Weapons Level 2  
  163  12:35  Ultralisk  
  163  12:37  Baneling x5  
  169  12:41  Zergling x2  
  169  12:44  Drone x5  
  171  12:51  Zergling x2  
  176  12:55  Zergling x4  
  178  12:59  Ultralisk  
  184  13:10  Zergling x2  
  185  13:15  Drone  
  186  13:21  Ultralisk  
  186  13:24  Zergling x2  
  193  13:27  Hatchery  
  192  13:38  Zergling x2  
  177  13:51  Ultralisk x3  
  177  13:52  Ultralisk, Zergling x4  
  177  13:53  Zergling x6  
  174  14:03  Hydralisk  
  174  14:04  Hydralisk  
  174  14:08  Drone  
  174  14:09  Drone  
  176  14:10  Drone x8  
  176  14:13  Zergling x2  
  176  14:14  Zergling x4  
  176  14:16  Zergling x2  
  181  14:17  Zergling x2  
  181  14:18  Zergling x2  
  183  14:26  Extractor x2, Zergling x4  
  183  14:27  Zergling x2  
  183  14:28  Zergling x2, Evolution Chamber x2  
  183  14:30  Zergling x2  
  184  14:31  Zergling x2  
  184  14:32  Zergling x2  
  184  14:34  Zergling x2  
  184  14:37  Zergling x2  
  188  14:45  Baneling x11  
  188  14:46  Baneling x4  
  188  14:50  Zergling x2  
  189  14:56  Zergling x2  
  189  14:57  Zergling x2  
  189  14:59  Baneling  
  191  15:00  Baneling x4  
  191  15:04  Spine Crawler  
  191  15:05  Spore Crawler x2  
  191  15:06  Spine Crawler  
  187  15:09  Drone x2, Spine Crawler  
  187  15:11  Drone  
  189  15:24  Baneling x3  
  189  15:25  Baneling x8  
  189  15:29  Overseer x3  
  189  15:30  Zergling x2, Spire  
  185  15:56  Zergling x6  
  169  15:58  Zergling x4  
  169  15:59  Zergling x2  
  169  16:00  Zergling x4  
  169  16:01  Zergling x4  
  169  16:04  Hydralisk x3  
  164  16:07  Hydralisk x3  
  164  16:08  Hydralisk  
  178  16:11  Hydralisk x3  
  178  16:13  Hydralisk x2  
  178  16:14  Hydralisk  
  178  16:16  Zergling x2  
  178  16:17  Zergling x2  
  178  16:18  Zergling x2  
  185  16:19  Zergling x2  
  185  16:21  Zergling x2  
  185  16:22  Zergling x2  
  185  16:23  Zergling x2  
  185  16:25  Zergling x2  
  178  16:26  Zergling x2  
Show
View Real Time Build Order
Export as new Build Order

BlueCheese Terran 

Build Orders: Reaper Expand, Hellion Banshee, MMM Bio 

Get SALT Encoding   

  12  0:00  SCV  
  13  0:12  SCV  
  14  0:17  Supply Depot  
  14  0:25  SCV  
  15  0:38  SCV  
  15  0:40  Barracks  
  16  0:47  Refinery  
  16  0:50  SCV  
  17  1:02  SCV  
  18  1:15  SCV  
  19  1:28  Orbital Command  
  19  1:30  Reaper  
  20  1:39  Command Center  
  20  1:49  Supply Depot  
  20  1:54  SCV  
  21  2:02  Marine  
  22  2:08  SCV  
  22  2:10  Refinery  
  22  2:13  Factory  
  23  2:20  SCV  
  24  2:25  Barracks Reactor  
  24  2:34  SCV  
  25  2:49  SCV  
  26  2:53  Orbital Command  
  26  3:00  Starport  
  26  3:01  SCV  
  27  3:09  Hellion x2  
  31  3:13  SCV  
  31  3:16  Barracks Tech Lab  
  31  3:19  SCV  
  33  3:25  SCV  
  34  3:30  Hellion x2  
  34  3:31  SCV  
  39  3:38  SCV  
  40  3:45  SCV  
  40  3:47  Viking  
  43  3:50  SCV, Supply Depot x2  
  43  3:54  Hellion  
  46  4:06  Cloaking Field  
  46  4:08  Barracks Tech Lab  
  46  4:11  SCV x2  
  46  4:12  Hellion  
  46  4:16  Command Center  
  50  4:24  SCV x2  
  52  4:25  Banshee  
  55  4:36  SCV x2  
  55  4:37  Supply Depot  
  57  4:41  Cyclone x2  
  59  4:48  SCV x2, Marine, Stimpack  
  62  5:00  SCV x2  
  64  5:08  Marine  
  64  5:09  Barracks  
  64  5:10  Banshee, Barracks  
  64  5:12  SCV x2  
  70  5:21  Refinery  
  70  5:22  Refinery  
  70  5:25  SCV x2  
  65  5:29  Orbital Command  
  65  5:31  Marine  
  66  5:37  SCV x2  
  66  5:42  Factory Reactor  
  68  5:46  Engineering Bay  
  68  5:47  Engineering Bay  
  68  5:49  SCV x2  
  70  5:50  Barracks  
  70  5:52  Barracks  
  70  6:01  SCV x2  
  68  6:05  Orbital Command  
  68  6:12  Barracks Reactor  
  68  6:13  SCV x2, Marine, Barracks Reactor  
  68  6:14  Terran Infantry Weapons Level 1  
  71  6:20  Medivac x2  
  71  6:25  SCV x2  
  77  6:26  Supply Depot  
  77  6:32  SCV  
  77  6:35  Marine x2  
  77  6:36  Supply Depot, Marine  
  77  6:37  SCV x2, Supply Depot  
  85  6:42  Barracks Reactor x2  
  85  6:45  SCV, Supply Depot  
  85  6:46  Supply Depot  
  83  6:48  Siege Tank, Terran Infantry Armor Level 1  
  83  6:49  SCV x2  
  83  6:51  Marine x2  
  83  6:53  Marine x3  
  93  6:57  Supply Depot  
  93  6:58  SCV  
  94  7:01  SCV x2  
  94  7:06  Supply Depot  
  94  7:08  Supply Depot  
  96  7:09  Marine x2  
  96  7:10  SCV  
  96  7:11  Marine x3  
  102  7:20  Siege Tank  
  102  7:21  Marine x4  
  102  7:22  Medivac  
  111  7:27  Marine x2  
  111  7:28  Refinery x2  
  111  7:29  Marine x3  
  116  7:39  Marine x4  
  116  7:42  SCV x2  
  116  7:43  Factory  
  122  7:45  Marine x2  
  117  7:51  Marine  
  117  7:52  Marine x2, Siege Tank  
  117  7:55  SCV x2, Combat Shields  
  117  7:57  Marine x4  
  126  8:02  Marine  
  126  8:04  Marine, Barracks  
  126  8:05  Barracks  
  128  8:07  Barracks  
  128  8:09  Marine x3  
  128  8:11  SCV x2  
  133  8:14  Marine  
  133  8:15  Marine x3  
  133  8:16  Armory  
  137  8:20  Marine  
  137  8:22  Marine  
  138  8:27  Marine x2, Siege Tank  
  138  8:28  Factory Tech Lab  
  138  8:29  Supply Depot  
  138  8:31  Medivac x2  
  147  8:36  Marine x2  
  149  8:44  Command Center  
  149  8:50  SCV x2, Marine x5  
  149  8:51  SCV  
  157  9:00  Barracks Tech Lab x2  
  157  9:01  Barracks Tech Lab  
  157  9:05  Marine x3  
  157  9:14  Terran Infantry Weapons Level 2, Terran Infantry Armor Level 2  
  157  9:17  SCV  
  157  9:18  SCV, Marine  
  157  9:23  Supply Depot  
  157  9:24  Supply Depot x2  
  157  9:25  Marine x2  
  157  9:26  Siege Tank  
  157  9:27  Marine x3  
  157  9:44  Marine x6  
  157  9:45  Siege Tank, Marauder, Marine x3  
  165  9:46  Marauder  
  165  9:49  Marine  
  165  9:51  SCV  
  165  9:52  SCV x2  
  175  9:58  Siege Tank  
  172  10:02  Marine x2  
  172  10:03  Planetary Fortress, Marauder  
  172  10:04  SCV x3  
  172  10:05  Marine  
  172  10:06  Medivac x2, Marine, Marauder  
  179  10:11  Marine x4  
  179  10:12  Marauder x2  
  187  10:16  SCV x3  
  187  10:20  Marine x2  
  187  10:21  Supply Depot  
  192  10:22  Concussive Shells  
  192  10:23  Marine x2  
  192  10:24  Marauder  
  196  10:30  Supply Depot  
  196  10:31  Supply Depot  
  184  10:43  Supply Depot  
  184  10:44  Supply Depot x2  
  184  10:45  Supply Depot x2  
  184  10:57  Supply Depot x2  
  184  11:05  SCV x3, Supply Depot, Marauder, Marine  
  184  11:06  Supply Depot, Terran Vehicle Weapons Level 1, Marauder x3, Marine x4  
  184  11:09  Supply Depot x2  
  184  11:10  Supply Depot  
  200  11:17  Marine  
  198  11:23  Marine  
  191  11:26  Marauder  
  191  11:27  Marine x3, Marauder x2  
  194  11:37  Medivac  
  194  11:38  Medivac  
  189  11:43  Marine x4, Marauder  
  195  11:47  Terran Infantry Weapons Level 3, Terran Infantry Armor Level 3  
  195  11:48  Command Center, Marauder x2  
  167  12:04  Marauder  
  167  12:06  Marine x5, Marauder  
  167  12:07  Marine  
  155  12:09  Medivac x2, Marauder  
  155  12:10  Marauder  
  163  12:21  Marine x2  
  153  12:23  Siege Tank x2  
  153  12:24  Marine x3  
  153  12:26  Marauder  
  153  12:27  Marauder  
  161  12:31  Marauder x2, Marine x3  
  168  12:39  Marine x2  
  168  12:41  Marine  
  168  12:42  Medivac, Marine x2  
  175  12:47  Marauder  
  175  12:49  Medivac, Marauder, Marine x3  
  184  12:52  Marauder x2  
  184  12:57  Marine x2  
  190  12:59  Marine  
  190  13:07  Marine  
  190  13:09  Marauder  
  190  13:10  Siege Tank x2, Marauder  
  199  13:14  Starport, Fusion Core  
  199  13:16  Starport  
  196  13:31  Terran Vehicle Weapons Level 2  
  193  13:36  Marine, Marauder x2  
  168  13:52  Marine x3, Marauder x2  
  168  13:53  Marine x3, Siege Tank  
  147  13:57  Marauder  
  147  13:58  Marauder  
  145  14:07  Marine  
  146  14:14  Marauder x2  
  144  14:19  SCV x3, Marauder x2  
  144  14:21  Marine x2  
  153  14:25  Marine x4  
  157  14:35  Marauder x2  
  157  14:36  Liberator x2  
  157  14:38  Starport Reactor, Starport Tech Lab  
  161  14:40  Liberator, Marauder x2  
  161  14:42  Siege Tank x2, Marine  
  161  14:43  Marine  
  173  14:47  Marine x4  
  177  14:56  Marauder  
  177  14:57  Marauder  
  189  15:02  Marauder x2  
  189  15:06  Sensor Tower  
  193  15:07  Marine  
  193  15:10  Refinery  
  193  15:11  Refinery  
  194  15:18  Marine x2, Marauder x2  
  200  15:31  Unknown x2  
  200  15:40  Unknown x2  
  106  16:04  Marine x3, Marauder x2  
  106  16:05  Marauder x2, Marine x4  
  132  16:15  Marine  
Tags
 
Add a new tag
Caveats
  • Supply blocks, unpowered buildings, or Contaminate may cause inaccurate times.
  • Supply counts are checked every 10 seconds.